 Dungeon Crawl Stone Soup version 0.23.2 (webtiles) character file.

Game seed: 1223643160129259128

243 Borgoz the Sneak (level 6, -3/50 (51) HPs)
             Began as a Ghoul Assassin on Apr 5, 2019.
             Was an Initiate of Ashenzari.
             Slain by Duvessa
             ... wielding a +0 short sword
              (8 damage)
             ... on level 4 of the Dungeon.
             The game lasted 00:04:34 (3171 turns).

Borgoz the Sneak (Ghoul Assassin)                   Turns: 3171, Time: 00:04:34

HP:   -3/50 (51)    AC:  7    Str: 14 (15) XL:     6   Next: 9%
MP:   5/5           EV: 15    Int:  3 (6)  God:    Ashenzari [......]
Gold: 204           SH:  0    Dex: 16 (17) Spells: 5/5 levels left

rFire    + . .     SeeInvis .   a - +2 dagger
rCold    + . .     Gourm    .   (no shield)
rNeg     + + +     Faith    .   u - +0 scale mail (curse)
rPois    ∞         Spirit   .   (no helmet)
rElec    .         Reflect  .   d - +0 cloak
rCorr    .         Harm     .   (no gloves)
MR       .....                  (no boots)
Stlth    ++........             (no amulet)
HPRegen  0.00/turn              l - ring of protection from fire
MPRegen  0.09/turn              t - ring of attention (curse)

@: agile, rotting
A: rotting body, claws 1, carnivore, cold resistance 1, negative energy
resistance 3, inhibited regeneration, torment resistance, unbreathing
a: Curse Item, Renounce Religion


You were on level 4 of the Dungeon.
You worshipped Ashenzari.
Ashenzari was noncommittal.
You were not hungry.

You visited 1 branch of the dungeon, and saw 4 of its levels.

You collected 204 gold pieces.

Inventory:

Hand Weapons
 a - a +2 dagger (weapon)
 b - a +0 blowgun
Missiles
 e - 8 poisoned needles
 f - 2 curare-tipped needles
Armour
 d - a +0 cloak (worn)
 u - a cursed +0 scale mail (worn)
Jewellery
 l - a ring of protection from fire (left claw)
 t - a cursed ring of attention (right claw)
Wands
 q - a wand of disintegration (10)
 v - a wand of iceblast (8)
Scrolls
 c - 4 scrolls of identify {unknown}
 h - a scroll of enchant armour {unknown}
 j - a scroll of fear {unknown}
 k - a scroll of remove curse
 m - 2 scrolls of teleportation {unknown}
 o - a scroll of amnesia {unknown}
 s - a scroll of fog {unknown}
 w - a scroll of random uselessness {unknown}
 y - a scroll of immolation {unknown}
Potions
 p - a potion of curing
 r - a potion of lignification
Comestibles
 g - 5 rations


   Skills:
 + Level 3.2 Fighting
 * Level 3.1 Short Blades
 - Level 1.7 Throwing
 * Level 2.2 Armour
 * Level 2.5 Dodging
 + Level 5.1 Stealth


You had 5 spell levels left.
You didn't know any spells.
Your spell library was empty.

Dungeon Overview and Level Annotations

Branches:
Dungeon (4/15)
 Temple: D:4-7

Altars:
Ashenzari
Gozag
Makhleb

Annotations:
D:4 Dowan, Duvessa


Innate Abilities, Weirdness & Mutations

Your body is rotting away.
You thrive on raw meat.
You are immune to poison.
You have sharp fingernails.
You are carnivorous and can eat meat at any time.
Your flesh is cold resistant. (rC+)
You are immune to negative energy. (rN+++)
You do not regenerate when monsters are visible.
You are immune to unholy pain and torment.
You can survive without breathing.


Message History

Duvessa is severely wounded.
Duvessa misses you.
Duvessa zaps a wand.
The puff of flame hits you. You resist.
* * * LOW HITPOINT WARNING * * *
You hit Duvessa.
Duvessa is almost dead.
Duvessa zaps a wand.
The puff of flame hits you. You resist.
* * * LOW HITPOINT WARNING * * *
You barely miss Duvessa.
Duvessa is almost dead.
Duvessa closely misses you.
You hit Duvessa.
Duvessa is almost dead.
Duvessa hits you with a +0 short sword.
* * * LOW HITPOINT WARNING * * *
Okay, then.
You closely miss Duvessa.
Duvessa is almost dead.
Duvessa hits you with a +0 short sword!
You die...

#.# #.# #.######.#
#......#.#
######.#.# #######
#.#.# ......#
#.#.# ......#
#.#.# ......#
#.#.##e.....# ###
#.#.@ea..(.(.
#.####.#.##......#
#....#.#.# ....###
#.##.#.#>. .......
#.##.#)### #######
#.##.#.##
#.#.....#
##.####..#
#........#


You could see Duvessa, Dowan and a worker ant.

Vanquished Creatures
  An ogre (D:4)
  An orc priest (D:3)
  An orc wizard (D:3)
  4 adders
  An ooze (D:1)
  A worm (D:2)
  2 dart slugs (D:1)
  2 leopard geckos (D:1)
  2 orcs (D:3)
  5 bats
  3 giant cockroaches
  5 goblins
  3 hobgoblins
  3 jackals (D:2)
  A quokka (D:2)
  2 ball pythons
  4 frilled lizards
  6 kobolds
  9 rats
56 creatures vanquished.

Vanquished Creatures (others)
  4 toadstools (D:1)
4 creatures vanquished.

Grand Total: 60 creatures vanquished

Notes
Turn   | Place    | Note
-------+----------+-------------------------------------------
     0 | D:1      | Borgoz the Ghoul Assassin began the quest for the Orb.
     0 | D:1      | Reached XP level 1. HP: 17/17 MP: 0/0
    23 | D:1      | Reached skill level 1 in Dodging
   284 | D:1      | Reached XP level 2. HP: 19/24 MP: 1/1
   634 | D:1      | Reached XP level 3. HP: 30/30 MP: 2/2
   714 | D:1      | Reached skill level 1 in Armour
  1680 | D:2      | Reached XP level 4. HP: 29/37 MP: 3/3
  2394 | D:3      | Reached XP level 5. HP: 9/44 MP: 4/4
  2808 | D:3      | Found a burning altar of Makhleb.
  2808 | D:3      | Found an opulent altar of Gozag.
  2813 | D:3      | Found a faded altar of an unknown god.
  2815 | D:3      | Found a shattered altar of Ashenzari.
  2817 | D:3      | Found a faded altar of an unknown god.
  2822 | D:3      | Became a worshipper of Ashenzari the Shackled
  3078 | D:4      | Noticed an ogre
  3082 | D:4      | Killed an ogre
  3082 | D:4      | Reached skill level 5 in Stealth
  3082 | D:4      | Reached XP level 6. HP: 51/51 MP: 5/5
  3120 | D:4      | Noticed Duvessa
  3120 | D:4      | Noticed Dowan
  3171 | D:4      | Slain by Duvessa

Skill      XL: |  1  2  3  4  5 |
---------------+----------------+-----
Dodging        | 1 2 |  2.5
Short Blades   | 2 3 |  3.1
Armour         | 1 2 |  2.2
Fighting       | 3 |  3.2
Stealth        | 5 |  5.1
Throwing       | |  1.7

Action                   |  1- 3 |  4- 6 || total
-------------------------+-------+-------++-------
Melee: Dagger            |   147 |   161 ||   308
Throw: Throwing net      |       |     1 ||     1
Evoke: Wand              |       |     4 ||     4
  Use: Potion            |       |     5 ||     5
 Stab: Sleeping          |     5 |       ||     5
       Invisible         |       |     4 ||     4
  Eat: Chunk             |     3 |     8 ||    11
Armor: Robe              |    16 |       ||    16
       Ring mail         |    35 |       ||    35
       Scale mail        |       |    61 ||    61
Dodge: Dodged            |    81 |    66 ||   147
